 Dungeon Crawl Stone Soup version 0.25.1-2-g60ff931df9 (webtiles) character file.

Game seed: 5585686109732115903

8283 qurat123 the Severer (level 11, -5/101 HPs)
             Began as a Minotaur Fighter on Oct 27, 2020.
             Was a Priest of Ru.
             Slain by a yak (14 damage)
             ... on level 10 of the Dungeon.
             The game lasted 00:58:21 (13620 turns).

qurat123 the Severer (Minotaur Fighter)            Turns: 13620, Time: 00:58:22

Health: -5/101     AC:  7    Str: 24    XL:     11   Next: 7%
Magic:  0/10       EV: 10    Int:  5    God:    Ru [***...]
Gold:   780        SH:  0    Dex: 10    Spells: 10/10 levels left

rFire    . . .     SeeInvis .   a - +0 war axe
rCold    x x .     Gourm    .   c - +0 kite shield
rNeg     . . .     Faith    .   b - +0 scale mail
rPois    .         Spirit   +   (helmet restricted)
rElec    .         Reflect  .   (no cloak)
rCorr    .         Harm     .   (no gloves)
MR       .....                  (no boots)
Stlth    ..........             F - amulet of guardian spirit
HPRegen  0.26/turn              E - ring of fire
MPRegen  0.12/turn              t - ring of flight

@: confused
A: retaliatory headbutt, horns 2, no ice magic, no summoning magic, no
transmutations magic, temperature sensitive
a: Draw Out Power, Renounce Religion, Evoke Flight


You were on level 10 of the Dungeon.
You worshipped Ru.
Ru was most pleased with you.
You were hungry.

You visited 2 branches of the dungeon, and saw 12 of its levels.

You collected 780 gold pieces.

Inventory:

Hand Weapons
 a - a +0 war axe (weapon)
Armour
 b - a +0 scale mail (worn)
 c - a +0 kite shield (worn)
Jewellery
 k - an uncursed ring of protection from cold
 t - a ring of flight (right hand)
 E - a ring of fire (left hand)
 F - an amulet of guardian spirit (around neck)
 G - an uncursed amulet of magic regeneration
 J - an uncursed amulet of the acrobat
 K - a cursed amulet of magic regeneration
Wands
 o - a wand of disintegration (16)
 u - a wand of clouds (8)
 B - a wand of digging (5)
 D - a wand of iceblast (12)
 I - a wand of acid (14)
 L - a wand of random effects (12)
Scrolls
 e - a scroll of enchant armour {unknown}
 g - a scroll of teleportation {unknown}
 h - 3 scrolls of remove curse
 i - a scroll of fog {unknown}
 j - 9 scrolls of identify
 l - 3 scrolls of fear {unknown}
 p - 5 scrolls of amnesia {unknown}
 w - 3 scrolls of noise {unknown}
 y - a scroll of silence {unknown}
 z - a scroll of blinking {unknown}
 A - a scroll of random uselessness {unknown}
 H - a scroll of holy word {unknown}
 N - a scroll of enchant weapon {unknown}
Potions
 d - 4 potions of might
 m - a potion of haste
 n - 3 potions of heal wounds {unknown}
 q - 2 potions of magic {unknown}
 r - 3 potions of curing {unknown}
 s - a potion of brilliance {unknown}
 v - 2 potions of flight {unknown}
 x - a potion of berserk rage {unknown}
 C - 2 potions of stabbing {unknown}
Comestibles
 f - 14 rations


   Skills:
 + Level 10.5 Fighting
 + Level 15.1 Axes
 + Level 5.0 Armour
 + Level 6.1 Dodging
 - Level 0.3 Stealth
 - Level 5.0 Shields


You had 10 spell levels left.
You didn't know any spells.
Your spell library contained the following spells:

 Spells                   Type           Power        Failure   Level  Hunger
 Magic Dart               Conj           #...         99%         1    ##.....
 Searing Ray              Conj           #.....       100%        2    ###....
 Dazzling Flash           Conj/Hex       #.....       100%        3    ####...
 Fulminant Prism          Conj/Hex       #.........   100%        4    #####..
 Iskenderun's Mystic Bla  Conj/Tloc      #.......     100%        4    #####..
 Freeze                   Ice            Unusable     N/A         1    N/A
 Summon Small Mammal      Summ           Unusable     N/A         1    N/A
 Call Imp                 Summ           Unusable     N/A         2    N/A
 Call Canine Familiar     Summ           Unusable     N/A         3    N/A
 Frozen Ramparts          Ice            Unusable     N/A         3    N/A
 Ozocubu's Armour         Chrm/Ice       Unusable     N/A         3    N/A
 Summon Guardian Golem    Hex/Summ       Unusable     N/A         3    N/A
 Hailstorm                Conj/Ice       Unusable     N/A         4    N/A
 Summon Ice Beast         Ice/Summ       Unusable     N/A         4    N/A
 Summon Lightning Spire   Summ/Air       Unusable     N/A         4    N/A

Dungeon Overview and Level Annotations

Branches:
Dungeon (11/15)            Temple (1/1) D:5            Lair (0/6) D:10
    Orc: D:9-12

Altars:
Ashenzari
Cheibriados
Dithmenos
Elyvilon
Fedhas
Gozag
Hepliaklqana
Kikubaaqudgha
Makhleb
Nemelex Xobeh
Okawaru
Qazlal
Ru
Sif Muna
Trog
Uskayaw
Vehumet
Wu Jian
Xom
Yredelemnul
Zin
The Shining One

Shops:
D:5 =

Annotations:
D:5 Menkaure
D:9 exclusion: orange crystal statue


Innate Abilities, Weirdness & Mutations

You reflexively headbutt those who attack you in melee.
You have a pair of horns on your head.
You cannot study or cast Ice magic.
You cannot study or cast Summoning magic.
You cannot study or cast Transmutations magic.
You are sensitive to extremes of temperature. (rF-, rC-)


Message History

The yak gores you!
The vampire hits you but does no damage.
The vampire bites you but does no damage.
You hit the cyclops. You headbutt the cyclops!
The cyclops is severely wounded.
You closely miss the vampire. You hit the yak but do no damage.
The yak gores you. The cyclops hits you!!
* * * LOW HITPOINT WARNING * * *
You bump into the rock wall.
The vampire closely misses you.
The vampire bites you but does no damage.
The yak gores you but does no damage.
You slash the cyclops!
You kill the cyclops!
Your Armour skill increases to level 5!
You closely miss the vampire. You barely miss the yak.
The vampire closely misses you. The vampire bites you.
* * * LOW HITPOINT WARNING * * *
The vampire draws strength from your injuries!
The yak gores you!
You die...

#....# #....#
#....#############
#######...............#
#.........###########.#
#.........####.....##.#
#.........'....###....#
#.........###..# ######
################@V#
................>Y######
......#........##......#
.....>#......≈.#######.#
......#......≈.'....##.#
......#........####.##.#
......#........# #.##.#
......#........# #.##.#
#######........# #.##.#


You could see a yak and a vampire.

Vanquished Creatures
  2 two-headed ogres
  A deep elf mage (D:7)
  A cyclops (D:10)
  A centaur zombie (D:10)
  A hornet (D:9)
  A troll (D:9)
  A hippogriff (D:10)
  A wyvern (D:8)
  4 yaks (D:10)
  3 orc warriors
  2 ice beasts
  5 black bears
  2 phantoms
  An eye of draining (D:9)
  6 ogres
  4 centaurs
  7 bullfrogs
  2 scorpions
  10 killer bees
  3 wights (D:8)
  4 crimson imps
  A bullfrog zombie (D:5)
  3 bullfrog skeletons
  2 jellies
  A gnoll shaman (D:8)
  A hound (D:6)
  11 orc wizards
  2 iguanas
  8 orc priests
  Crazy Yiuf (D:3)
  A centaur skeleton (D:10)
  6 worker ants
  A hound zombie (D:8)
  2 hound skeletons (D:6)
  A worker ant zombie (D:7)
  4 gnolls (D:8)
  8 adders
  2 oozes
  An adder zombie (D:5)
  An adder skeleton (D:8)
  8 leopard geckos
  37 orcs
  A ball python (D:3)
  6 giant cockroaches
  7 goblins
  3 hobgoblins
  13 jackals
  10 kobolds
  9 quokkas
  4 bats
  4 frilled lizards
  A jackal skeleton (D:4)
  A leopard gecko skeleton (D:4)
  8 rats
231 creatures vanquished.

Vanquished Creatures (others)
  A yak (D:10)
1 creature vanquished.

Grand Total: 232 creatures vanquished

Notes
Turn   | Place    | Note
-------+----------+-------------------------------------------
     0 | D:1      | qurat123 the Minotaur Fighter began the quest for the Orb.
     0 | D:1      | Reached XP level 1. HP: 19/19 MP: 0/0
   137 | D:1      | Reached XP level 2. HP: 24/27 MP: 1/1
  1090 | D:2      | Reached XP level 3. HP: 33/33 MP: 2/2
  1130 | D:2      | Reached skill level 3 in Axes
  1989 | D:3      | Reached XP level 4. HP: 38/41 MP: 3/3
  2100 | D:3      | Noticed a bullfrog
  2109 | D:3      | Killed a bullfrog
  2109 | D:3      | Reached skill level 4 in Axes
  2109 | D:3      | Reached XP level 5. HP: 22/47 MP: 4/4
  2453 | D:3      | Reached skill level 5 in Axes
  2588 | D:3      | Reached skill level 5 in Shields
  2884 | D:3      | Found a runed translucent door.
  2885 | D:3      | Noticed Crazy Yiuf
  3120 | D:3      | Killed Crazy Yiuf
  3584 | D:4      | Reached XP level 6. HP: 55/55 MP: 5/5
  3679 | D:4      | Reached skill level 6 in Axes
  3707 | D:4      | Reached skill level 5 in Fighting
  3871 | D:4      | Reached skill level 7 in Axes
  4053 | D:4      | Found a bloodstained altar of Trog.
  4210 | D:5      | Entered Level 5 of the Dungeon
  4372 | D:5      | Reached XP level 7. HP: 53/61 MP: 6/6
  4554 | D:5      | Found Bith's Jewellery Emporium.
  4631 | D:5      | Reached skill level 8 in Axes
  4688 | D:5      | Noticed Menkaure
  5037 | D:5      | Found a staircase to the Ecumenical Temple.
  5049 | Temple   | Entered the Ecumenical Temple
  5517 | Temple   | Became a worshipper of Ru the Awakened
  5894 | D:6      | Reached skill level 9 in Axes
  6151 | D:6      | Reached skill level 1 in Dodging
  6151 | D:6      | Reached XP level 8. HP: 70/70 MP: 7/7
  6595 | D:6      | Reached skill level 10 in Axes
  7353 | D:7      | Noticed a deep elf mage
  7361 | D:7      | Noticed a soul eater
  7362 | D:7      | Killed a deep elf mage
  7362 | D:7      | Reached skill level 11 in Axes
  7510 | D:7      | Gained mutation: You are sensitive to extremes of
                  | temperature. (rF-, rC-) [Ru sacrifice]
  7510 | D:7      | Reached * piety under Ru
  7510 | D:7      | Reached ** piety under Ru
  7545 | D:7      | Reached XP level 9. HP: 79/79 MP: 8/8
  8634 | D:8      | Reached skill level 12 in Axes
  8670 | D:8      | Noticed a two-headed ogre
  9515 | D:8      | Killed a two-headed ogre
  9515 | D:8      | Reached skill level 13 in Axes
  9838 | D:8      | Reached XP level 10. HP: 89/90 MP: 9/9
  9892 | D:8      | Found a burning altar of Makhleb.
 10091 | D:9      | Noticed an orange crystal statue
 10706 | D:9      | Reached skill level 14 in Axes
 10732 | D:9      | Reached skill level 5 in Dodging
 10752 | D:9      | HP: 4/91 [poisoned by a killer bee]
 10757 | D:9      | HP: 4/91 [poisoned by a killer bee]
 10764 | D:9      | HP: 3/91 [poisoned by a killer bee]
 10769 | D:9      | HP: 3/91 [poisoned by a killer bee]
 11409 | D:9      | Noticed an unseen horror
 12204 | D:10     | Entered Level 10 of the Dungeon
 12397 | D:10     | Gained mutation: You cannot study or cast Ice magic. [Ru
                  | sacrifice]
 12397 | D:10     | Gained mutation: You cannot study or cast Transmutations
                  | magic. [Ru sacrifice]
 12397 | D:10     | Gained mutation: You cannot study or cast Summoning magic.
                  | [Ru sacrifice]
 12397 | D:10     | Reached *** piety under Ru
 12532 | D:10     | Reached skill level 10 in Fighting
 12982 | D:10     | Noticed a two-headed ogre
 12987 | D:10     | Killed a two-headed ogre
 13032 | D:10     | Reached skill level 15 in Axes
 13116 | D:10     | Found a staircase to the Lair.
 13186 | D:10     | Found an opulent altar of Gozag.
 13413 | D:11     | Noticed a cyclops
 13414 | D:11     | Reached XP level 11. HP: 85/101 MP: 8/10
 13620 | D:10     | Reached skill level 5 in Armour
 13620 | D:10     | Slain by a yak

Illustrated notes

Levels and vault maps discovered:
D:1:      psy_arrival_radial02, layout_basic, minmay_worlds_worst_comb
D:2:      layout_rooms, nrook_mini_vaults
D:3:      wander_river, layout_basic, first_ration, uniq_crazy_yiuf_cottage
D:4:      layout_rooms, trog_butcher_becter
D:5:      layout_loops_ring, minmay_temple_entry_mist, serial_shops, shop,
          chequers_serial_rivers_micro_c, uniq_menkaure
D:6:      minmay_spotlight, layout_rooms
D:7:      layout_rooms, serial_corexii_hall, corexii_hall_statues_u,
          corexii_hall_statues_s, corexii_hall_statues_l,
          corexii_hall_statues_deadend, guppyfry_early_elven_hall
D:8:      layout_loops_ring, lemuel_doored_altar
D:9:      layout_roguey, minivault_15
D:10:     layout_basic, lair_entry_dummy, basic_altar
D:11:     layout_cave_pools, uniq_urug
Temple:   regret_index_temple_sigil_plot

Skill      XL: |  1  2  3  4  5  6  7  8  9 10 11 |
---------------+----------------------------------+-----
Fighting       | 4 5 6 7 8 10 | 10.5
Shields        | 4 5 |  5.0
Axes           | 3 4 5 7 9 11 13 15 | 15.1
Dodging        | 1 3 4 6 |  6.1
Armour         | 4 5 |  5.0
Stealth        | |  0.3

Action                   |  1- 3 |  4- 6 |  7- 9 | 10-12 || total
-------------------------+-------+-------+-------+-------++-------
Melee: War axe           |    98 |   153 |   339 |   233 ||   823
       Headbutt          |    14 |    22 |    53 |    55 ||   144
Invok: Sacrifice Resista |       |       |     1 |       ||     1
       Sacrifice Arcana  |       |       |       |     1 ||     1
  Use: Scroll            |       |     4 |       |       ||     4
       Potion            |       |     1 |       |       ||     1
 Stab: Invisible         |       |       |       |     2 ||     2
  Eat: Chunk             |     2 |     6 |    17 |     5 ||    30
       Ration            |     1 |       |       |     2 ||     3
Armor: Scale mail        |    35 |    52 |    90 |    60 ||   237
Dodge: Dodged            |    26 |    30 |    88 |    77 ||   221
Block: Kite shield       |    59 |    79 |   169 |   106 ||   413
